 Dungeon Crawl Stone Soup version 0.13.2 (webtiles) character file.

237 Fang the Practitioner (level 3, -2/25 HPs)
             Began as an Octopode Healer on Jan 7, 2020.
             Was a Believer of Elyvilon.
             Slain by an adder (4 damage)
             ... on Level 2 of the Dungeon.
             The game lasted 00:02:20 (2739 turns).

Fang the Practitioner (Octopode Healer)             Turns: 2739, Time: 00:02:20

HP  -2/25        AC  1     Str 12      XL: 3   Next: 89%
MP   6/6         EV 12     Int 14      God: Elyvilon [**....]
Gold 184         SH  0     Dex 11      Spells:  0 memorised,  2 levels left

Res.Fire  : . . .   See Invis. : .   (no weapon)
Res.Cold  : . . .   Warding    : .   (no shield)
Life Prot.: . . .   Conserve   : .   (helmet restricted)
Res.Poison: .       Res.Corr.  : .   (no amulet)
Res.Elec. : .       Clarity    : .   (no ring)
Sust.Abil.: . .     Spirit.Shd : .   (no ring)
Res.Mut.  : .       Stasis     : .   (no ring)
Res.Rott. : .       Flight     : .   (no ring)
Saprovore : . . .                    (no ring)
                                     (no ring)
                                     (no ring)
                                     (no ring)

@: mildly poisoned, not resistant to hostile enchantments, fairly stealthy
A: almost no armour, amphibious, 8 rings, constrict 8, camouflage 1, AC +1
a: Lesser Healing, Lesser Self-Healing, Divine Protection, Purification,
Renounce Religion


You were on level 2 of the Dungeon.
You worshipped Elyvilon.
Elyvilon was pleased with you.
You were not hungry.

You visited 1 branch of the dungeon, and saw 2 of its levels.

You collected 84 gold pieces.

Inventory:

Comestibles
 d - a bread ration
 f - 2 chokos
Scrolls
 e - a scroll of fog {unknown}
 g - 2 scrolls of identify {unknown}
 h - a scroll of enchant armour {unknown}
 j - a scroll of random uselessness {unknown}
 k - a scroll of blinking {unknown}
 l - 2 scrolls of enchant weapon II {unknown}
 m - a scroll of magic mapping {unknown}
 n - a scroll of noise {unknown}
Potions
 a - a potion of resistance {unknown}
 b - 5 potions of curing
 c - a potion of heal wounds
 i - a potion of brilliance {unknown}


   Skills:
 + Level 2.8 Fighting
 + Level 2.6 Dodging
 + Level 0.8 Unarmed Combat
 + Level 4.5 Invocations


You had 2 spell levels left.
You didn't know any spells.

Dungeon Overview and Level Annotations

Branches:
Dungeon (2/27)

Altars:

Annotations:
D:2 Terence


Innate Abilities, Weirdness & Mutations

You cannot wear most types of armour.
You are amphibious.
You can wear up to eight rings at the same time.
You can use your tentacles to constrict many enemies at once.
Your skin changes colour to match your surroundings (Stlth).
Your rubbery body absorbs attacks (AC +1).


Message History

Use which ability? (? or * to list) You're too hungry.
You hit Terence but do no damage. You grab Terence. You squeeze Terence.
Terence is lightly wounded.
You constrict Terence. You constrict the adder. The adder bites you.
* * * LOW HITPOINT WARNING * * *
Unknown command.
Eat which item? (? for menu, Esc to quit)
You can't eat that!
Use which ability? (? or * to list) You're too hungry.
Eat which item? (? for menu, Esc to quit)
You constrict Terence. You constrict the adder. Terence hits you with a mace.
* * * LOW HITPOINT WARNING * * *
The adder bites you.
* * * LOW HITPOINT WARNING * * *
You continue eating.
You constrict Terence. You constrict the adder. The adder closely misses you.
Terence hits you but does no damage. The adder bites you.
You die...

#..# #. #..# ## ##
#..######## ###.
#..#....... ...
#..#.......
#.#######..#.......
#.?........#.......
#.@........'.......
##@#######.#.......
#....S# #.#.......
#.##### #)######..
#.# ......
#.##......
#.##......
#.######## #.#
#[#######


You could see Terence and an adder.

Vanquished Creatures
  Ijyb (D:2)
  An ooze (D:1)
  A ball python (D:1)
  6 bats
  A giant cockroach (D:2)
  6 hobgoblins (D:1)
  3 kobolds (D:1)
  3 giant newts
  6 rats (D:1)
28 creatures vanquished.

Notes
Turn   | Place    | Note
--------------------------------------------------------------
     0 | D:1      | Fang, the Octopode Healer, began the quest for the Orb.
     0 | D:1      | Reached XP level 1. HP: 14/14 MP: 2/2
   417 | D:1      | Reached XP level 2. HP: 12/19 MP: 4/4
  1659 | D:1      | Reached XP level 3. HP: 24/24 MP: 6/6
  2398 | D:2      | Noticed Ijyb
  2420 | D:2      | Killed Ijyb
  2730 | D:2      | Noticed Terence
  2739 | D:2      | Slain by an adder

Action                   || total
-------------------------++-------
Melee: Unarmed           ||   111
Invok: Lesser Healing    ||    12
 Stab: Sleeping          ||     2
